 Dungeon Crawl Stone Soup version 0.30-a0-223-gcb0039aa0c (webtiles) character file.

Game seed: 12210409751825798879

327 qw the Chopper (level 6, -6/38 HPs)
             Began as a Gargoyle Fighter on Oct 9, 2022.
             Mangled by Duvessa
             ... wielding a +0 short sword
              (17 damage)
             ... on level 4 of the Dungeon.
             The game lasted 00:00:56 (2578 turns).

qw the Chopper (Gargoyle Fighter)                   Turns: 2578, Time: 00:00:56

Health: -6/38      AC: 17    Str: 21    XL:     6   Next: 50%
Magic:  6/6        EV:  7    Int:  9    God:
Gold:   122        SH:  4    Dex:  9    Spells: 5/5 levels left

rFire   . . .      SeeInvis .    Y - +4 war axe
rCold   . . .      Faith    .    c - +0 buckler
rNeg    + . .      Spirit   .    l - +0 chain mail
rPois   inf        Reflect  .    n - +0 helmet
rElec   +          Harm     .    (no cloak)
rCorr   .          Rampage  .    (no gloves)
Will    .....                    i - +2 pair of boots
Stlth   ..........               (no amulet)
HPRegen 0.26/turn                (no ring)
MPRegen 0.10/turn                (no ring)

@: no status effects
A: sickness immunity, AC +4, negative energy resistance 1, electricity
resistance, torment resistance 1, petrification resistance
a: no special abilities


You were on level 4 of the Dungeon.
You visited 1 branch of the dungeon, and saw 4 of its levels.

You collected 122 gold pieces.


Innate Abilities, Weirdness & Mutations

You are immune to sickness and miasma.
Your stone body is resilient. (AC +4)
You are immune to poison.
You resist negative energy. (rN+)
You are resistant to electric shocks. (rElec)
You are resistant to unholy torment.
You are immune to petrification.


   Skills:
 - Level 4.1 Fighting
 + Level 5.5 Axes
 - Level 3.2 Armour
 - Level 1.0 Dodging
 - Level 3.2 Shields


You had 5 spell levels left.
You didn't know any spells.
Your spell library was empty.

Inventory:

Hand Weapons
 j - a +0 whip
 Y - a +4 war axe (weapon)
Missiles
 e - 3 boomerangs (quivered)
Armour
 c - a +0 buckler (worn)
 i - a +2 pair of boots (worn)
 l - a +0 chain mail (worn)
 n - a +0 helmet (worn)
Wands
 o - a wand of digging (3)
Scrolls
 k - a scroll of identify
Potions
 d - 7 potions of might
 f - a potion of curing {unknown}
 g - a potion of haste {unknown}
 m - a potion of invisibility {unknown}
 p - a potion of resistance {unknown}

Dungeon Overview and Level Annotations

Branches:
Dungeon (4/15)
 Temple: D:4-7

Altars:

Annotations:
D:4 Dowan, Duvessa, Eustachio


Message History

Duvessa hits you with a +0 short sword. The ball python barely misses you.
The ball python constricts you. The ufetubus barely misses you. x2
You slash the ball python!
You kill the ball python!
You closely miss the orc. You slash the orc!
You kill the orc!
You hit Duvessa. You hit the ufetubus.
You kill the ufetubus!
The ufetubus disappears in a puff of smoke!
You hit the shadow imp. You block Duvessa's attack.
Eustachio gestures wildly while chanting.
Eustachio blinks!
The orc hits you but does no damage. The shadow imp hits you.
You block Duvessa's attack. The orc barely misses you.
The kobold barely misses you.
Eustachio casts a spell.
Eustachio blinks!
Dowan gestures at you while chanting. The puff of flame hits you.
You hit the shadow imp.
You kill the shadow imp!
The shadow imp disappears in a puff of smoke!
You slash the orc!
You kill the orc!
You hit Duvessa. You slash the kobold!
You kill the kobold!
Duvessa barely misses you. x2
Dowan casts a spell at you. You resist with some effort.
You hit Duvessa but do no damage.
Duvessa is severely wounded.
You barely miss the goblin. Duvessa hits you but does no damage.
The goblin hits you but does no damage. Duvessa hits you with a +0 short sword.
You hit Duvessa.
Duvessa is almost dead.
You slash the goblin!
You kill the goblin!
Duvessa closely misses you. Duvessa hits you with a +0 short sword!
You die...

#.....###...
.....$..#..
#..........
#..........
##..........
#...........
##.#..)e)......
#..e...@)......
.......<)......
...###........#
# ##.......#
.......##
#.#....#
..#....#
......##
.......


You could see Duvessa (berserk) and Dowan.

Vanquished Creatures
  2 scorpions
  Natasha (thrice) (D:3)
  Robin (D:3)
  4 adders
  2 worms (D:2)
  2 dart slugs
  3 orcs
  7 ball pythons
  5 bats
  8 endoplasms
  2 giant cockroaches (D:1)
  8 hobgoblins
  5 jackals
  6 kobolds
  2 quokkas
  2 frilled lizards
  11 goblins
  5 rats
78 creatures vanquished.

Notes
Turn   | Place    | Note
-------+----------+-------------------------------------------
     0 | D:1      | qw the Gargoyle Fighter began the quest for the Orb.
     0 | D:1      | Reached XP level 1. HP: 14/14 MP: 1/1
     0 | D:1      | 0 ||| qw: Version: 0.2-a-17-g06abaee
     0 | D:1      | 0 ||| qw: Game counter: 2066
     0 | D:1      | 0 ||| qw: Always use a shield: true
     0 | D:1      | 0 ||| qw: God list: Okawaru
     0 | D:1      | 0 ||| qw: Allow faded altars: false
     0 | D:1      | 0 ||| qw: Do Orc after D:15 true
     0 | D:1      | 0 ||| qw: Do second Lair branch before Depths: true
     0 | D:1      | 0 ||| qw: Lair rune preference: random
     0 | D:1      | 0 ||| qw: Plans: Normal, Zot:1-4, God:TSO, Crypt, Tomb,
                  | Pan, Slime:5, Hells, Abyss, Orb
     0 | D:1      | 0 ||| PLANNING D:1-11
    64 | D:1      | Reached skill level 2 in Axes
    90 | D:1      | Found a faded altar of an unknown god.
   258 | D:1      | Reached XP level 2. HP: 19/19 MP: 2/2
   351 | D:1      | 351 ||| DROPPING +0 club.
   536 | D:1      | Reached skill level 3 in Axes
   760 | D:1      | Reached XP level 3. HP: 23/23 MP: 3/3
   760 | D:1      | 760 ||| READING scroll labelled NOEFENWEUGI.
   761 | D:1      | 761 ||| READING scroll labelled HIL CYFUONADD.
   822 | D:2      | 822 ||| Stepping ~*~*~tactically~*~*~ (stealth).
   866 | D:2      | Reached XP level 4. HP: 28/28 MP: 4/4
   971 | D:2      | 971 ||| Stepping ~*~*~tactically~*~*~ (hiding).
  1097 | D:2      | 1097 ||| Stepping ~*~*~tactically~*~*~ (stealth).
  1108 | D:2      | Reached skill level 4 in Axes
  1335 | D:2      | Noticed a scorpion
  1357 | D:2      | Killed a scorpion
  1358 | D:2      | Reached XP level 5. HP: 24/32 MP: 5/5
  1522 | D:2      | 1522 ||| UPGRADING to +1 pair of boots.
  1527 | D:2      | 1527 ||| READING scroll labelled BUCILUVIVVI.
  1528 | D:2      | 1528 ||| READING scroll labelled REOPHU HIMN.
  1529 | D:2      | 1529 ||| READING scroll labelled NAIRIM DILY.
  1530 | D:2      | 1530 ||| READING scroll labelled YZUBOG YLOOHO.
  1531 | D:2      | 1531 ||| READING scroll labelled FYH BIM AMEI.
  1532 | D:2      | 1532 ||| READING 3 scrolls labelled ZOACATW MUMI.
  1533 | D:2      | 1533 ||| READING 2 scrolls of enchant weapon.
  1533 | D:2      | 1533 ||| ENCHANTING +1 war axe.
  1534 | D:2      | 1534 ||| READING scroll of enchant weapon.
  1534 | D:2      | 1534 ||| ENCHANTING +2 war axe.
  1554 | D:3      | 1554 ||| READING scroll of enchant weapon.
  1554 | D:3      | 1554 ||| ENCHANTING +3 war axe.
  1664 | D:3      | Noticed Natasha
  1676 | D:3      | Killed Natasha
  1677 | D:3      | Reached skill level 5 in Axes
  1735 | D:3      | Noticed Natasha
  1736 | D:3      | 1736 ||| Stepping ~*~*~tactically~*~*~ (stealth).
  1749 | D:3      | Killed Natasha
  1785 | D:3      | 1785 ||| Stepping ~*~*~tactically~*~*~ (hiding).
  1928 | D:3      | Noticed Natasha
  1929 | D:3      | 1929 ||| Stepping ~*~*~tactically~*~*~ (hiding).
  1939 | D:3      | Killed Natasha
  2018 | D:3      | Reached XP level 6. HP: 38/38 MP: 6/6
  2117 | D:3      | 2117 ||| READING scroll of enchant armour.
  2117 | D:3      | 2117 ||| ENCHANTING +1 pair of boots.
  2208 | D:3      | Reached skill level 1 in Dodging
  2239 | D:3      | Noticed Robin
  2251 | D:3      | Killed Robin
  2522 | D:3      | 2522 ||| UPGRADING to +0 chain mail.
  2532 | D:3      | 2532 ||| DROPPING +0 scale mail.
  2533 | D:3      | 2533 ||| UPGRADING to +0 helmet.
  2538 | D:3      | 2538 ||| READING scroll labelled WAWYIR LIFOA.
  2539 | D:3      | 2539 ||| READING scroll labelled CAFUTA WOUHUD.
  2563 | D:4      | Noticed Eustachio
  2563 | D:4      | Noticed Dowan
  2564 | D:4      | Noticed Duvessa
  2578 | D:4      | Mangled by Duvessa

Levels and vault maps discovered:
D:1:      dpeg_arrival_leaves_temple_mockup, layout_basic,
          hellmonk_ecumenical_altar_heavens_door
D:2:      layout_basic
D:3:      kennysheep_big_flooded_room, layout_loops_ring, nrook_mini_backslash,
          minmay_splitting_lines, kennysheep_generic_room_14, uniq_natasha,
          uniq_robin
D:4:      layout_cave_pools, cheibrodos_worm_habitat,
          kennysheep_generic_room_15, uniq_eustachio, uniq_duvessa

Skill      XL: |  1  2  3  4  5  6 |
---------------+-------------------+-----
Axes           | 2 3 4 5 |  5.5
Fighting       | 4 |  4.1
Dodging        | 1 |  1.0
Armour         | |  3.2
Shields        | |  3.2

Action                   |  1- 3 |  4- 6 || total
-------------------------+-------+-------++-------
Melee: War axe           |    55 |   108 ||   163
Throw: Boomerang         |    39 |    33 ||    72
  Use: Scroll            |     2 |    12 ||    14
Armor: Scale mail        |    24 |    47 ||    71
       Chain mail        |       |    35 ||    35
Dodge: Dodged            |    25 |    59 ||    84
Block: Buckler           |     5 |    20 ||    25

Table legend:
 A = Non-vault XP
 B = Vault XP
 C = Vault XP percentage of total XP
 D = Non-vault monster count
 E = Vault monster count
 F = Vault count percentage of total count
                 A         B        C        D         E       F
            +---------+---------+-------+---------+---------+-------
      Total |     401 |      69 |  14.7 |      67 |      11 |  14.1
            +---------+---------+-------+---------+---------+-------
        D:1 |      34 |       0 |   0.0 |      19 |       0 |   0.0
        D:2 |     162 |       0 |   0.0 |      25 |       0 |   0.0
        D:3 |     190 |      69 |  26.6 |      16 |      11 |  40.7
        D:4 |      15 |       0 |   0.0 |       7 |       0 |   0.0
            +---------+---------+-------+---------+---------+-------
